cohdb
Replays
Latest Replays
All Replays
Popular Replays
Top Player Replays
Match Explorer
How It Works
Community
CoH3 Stats
Reddit
Sign in to upload your games and track your stats! →
Sign in with Steam
Match 36587428
Unlisted
Match 36587428
Overview
Messages
Build Orders
End
Kradschützen Motorcycle Team
Panzergrenadier Squad
Panzergrenadier Squad
Construct Light Support Kompanie
Selects Armored Support Battlegroup
Selects Superior Fire Drills
Fire Support Elements
Panzergrenadier Squad
Flakvierling Half-track
2.5-tonne Medical Truck
Pak 38 Mechanized Group
Construct Panzerarmee Kommand
Vehicle Survival Package
Selects Salvage Kits
Selects Panzer Storm
Revolution
cohpl4955
vincent
AIASTIN
Sabom
reset
magazinwastaken
BOOM YOU
0
0
Comments
sign in to comment!
No comments posted yet!